 Dungeon Crawl Stone Soup version 0.32-a0-471-gb91d5d9764 (webtiles) character file.

Game seed: 6286311971225927787

18258 shadizar the Thaumaturge (level 12, -5/91 HPs)
             Began as a Djinni Earth Elementalist on Feb 25, 2024.
             Was an Elder of Makhleb.
             Engulfed by a cloud of freezing vapour (16 damage)
             ... in an ice cave.
             The game lasted 00:42:45 (10327 turns).

shadizar the Thaumaturge (DjEE)                    Turns: 10327, Time: 00:42:46

Health: -5/91      AC:  6    Str:  7    XL:     12   Next: 92%
Gold:   572        EV: 18    Int: 21    God:    Makhleb [****..] SH:  0 Dex: 21

rFire   + + .        r - staff of earth
rCold   . . .        (no shield)
rNeg    . . .        c - +0 robe {rC+}
rPois   ∞            o - +1 helmet
rElec   .            (no cloak)
rCorr   .            y - +0 pair of gloves
SInv    .            (boots unavailable)
Will    +....        q - amulet of regeneration
Stlth   +            v - +6 ring of dexterity
HPRegen 1.15/turn    (no ring)
MPRegen 0.00/turn

%: infuse magic (-6 HP)
@: confused, ambrosia-drunk, flying
A: sickness immunity, fire resistance 2, cold vulnerability 1, float, innate
caster, HP casting, extra vitality 1
a: Renounce Religion, Minor Destruction, Lesser Servant of Makhleb, Major
Destruction


You were in an ice cave.
You worshipped Makhleb.
Makhleb was greatly pleased with you.
You visited 3 branches of the dungeon, and saw 13 of its levels.
You also visited: Sewer and Ice Cave.

You collected 572 gold pieces.

Inventory:

Armour
 b - a +1 hat
 c - a +0 robe of cold resistance (worn)
 o - a +1 helmet (worn)
 t - a +3 leather armour
 y - a +0 pair of gloves (worn)
 C - the +0 scale mail of Yskao {*Slow rPois Str+5}
   (You found it on level 2 of the Lair of Beasts)

   Str+5:     It affects your strength (+5).
   rPois:     It protects you from poison *Slow: It may slow you when you take
   damage.
Magical Staves
 r - a staff of earth (weapon)
Jewellery
 q - an amulet of regeneration (around neck)
 v - a +6 ring of dexterity (left hand)
Wands
 h - a wand of acid (9)
 l - a wand of flame (44)
 w - a wand of charming (11)
Scrolls
 a - a scroll of fear
 f - a scroll of enchant weapon
 m - 2 scrolls of immolation
 p - 3 scrolls of teleportation
 s - a scroll of summoning
 u - a scroll of revelation
 x - a scroll of enchant armour
Potions
 d - 2 potions of enlightenment
 e - a potion of heal wounds {unknown}
 g - 7 potions of ambrosia
 i - 3 potions of brilliance
 j - 3 potions of might
 n - a potion of invisibility {unknown}
 A - a potion of lignification


   Skills:
 - Level 10.1 Fighting
 - Level 5.5 Armour
 - Level 8.1 Dodging
 - Level 1.5 Stealth
 + Level 12.4 Spellcasting
 + Level 12.4 Conjurations
 + Level 12.4 Hexes
   Level 0.0 Charms
 + Level 12.4 Summonings
 + Level 12.4 Necromancy
 + Level 12.4 Translocations
   Level 0.0 Transmutations
 + Level 12.4 Fire Magic
 + Level 12.4 Ice Magic
 + Level 12.4 Air Magic
 + Level 12.4 Earth Magic
 + Level 12.4 Alchemy


You knew the following spells:

 Your Spells              Type           Power      Damage    Failure   Level
a - Sandblast             Erth           100%       2d20      1%          1
b - Passwall              Erth           78%        N/A       1%          3
c - Stone Arrow           Conj/Erth      100%       3d13      1%          3
d - Petrify               Alch/Erth      78%        N/A       1%          4
e - Brom's Barrelling Bo  Conj/Erth      78%        2d9       1%          4
f - Sting                 Conj/Alch      100%       1d9       1%          1
g - Lesser Beckoning      Tloc           100%       N/A       1%          2
h - Mercury Vapours       Alch/Air       100%       N/A       1%          2
i - Summon Blazeheart Go  Fire/Summ      60%        N/A       1%          4
j - Silence               Hex/Air        30%        N/A       1%          5
Your spell library was empty.

Dungeon Overview and Level Annotations

Branches:
Dungeon (10/15)            Temple (1/1) D:6            Lair (2/5) D:9
  Sewer (visited)           IceCv (1/1)
  Swamp: Lair:2-3    Shoals: Lair:2-3     Snake: Lair:2-3    Spider: Lair:2-3
    Orc: D:9-12

Altars:
Ashenzari
Cheibriados
Dithmenos
Elyvilon
Fedhas
Gozag
Hepliaklqana
Makhleb
Nemelex Xobeh
Okawaru
Qazlal
Ru
Trog
Uskayaw
Wu Jian
Xom
Yredelemnul
Zin
The Shining One

Shops:
D:3 !*[?*   D:5 :

Annotations:
D:9 Maurice


Innate Abilities, Weirdness & Mutations

You are immune to sickness and miasma.
You are immune to poison.
Your flesh is very heat resistant. (rF++)
You are vulnerable to cold. (rC-)
You float through the air rather than walking.
You learn spells naturally, not from books.
Your magical power is your life essence.
You have superior vitality. (+4 MHP)


Message History

Unknown command.
Unknown command.
You start to feel less resistant.
Your resistance to elements expires.
The ice statue gestures at you. The bolt of cold misses you.
The ice statue gestures at you. The freezing blast engulfs you!!
Casting: Stone Arrow (safe; 1% risk of failure)
Confirm with . or Enter, or press ? or * to list all spells.
Aiming: Stone Arrow (safe; 1% risk of failure)
Press: ? - help, Shift-Dir - straight line, f - ice statue
Aim: an ice statue (severely damaged, 100% to hit)
You feel a surge of power!
The stone arrow hits the ice statue!
The ice statue is almost destroyed.
You are engulfed in freezing vapours.
The ice statue gestures.
Unknown command.
Casting: Stone Arrow (safe; 1% risk of failure)
Confirm with . or Enter, or press ? or * to list all spells.
Aiming: Stone Arrow (safe; 1% risk of failure)
Press: ? - help, Shift-Dir - straight line, f/p - ice statue
Aim: an ice statue (almost destroyed, 100% to hit)
You feel a surge of power!
The stone arrow hits the ice statue!
You destroy the ice statue!
Makhleb accepts your kill.
The ice beast disappears in a puff of smoke!
You are engulfed in freezing vapours.
* * * LOW HITPOINT WARNING * * *
Unknown command.
Unknown command.
Unknown command.
Unknown command.
Okay, then.
You are confused.
You feel invigorated.
You are engulfed in freezing vapours.
* * * LOW HITPOINT WARNING * * *
Unknown command.
You are engulfed in freezing vapours.
You die...

....##....####....###)..###....#
....#....##.........######.....#
.......###....###.....###......#
.....###....### ###...........##
#######....### #.........###
#.......### ###########
###......○#########
###......°°°.....
######°@....... #######...


There were no monsters in sight!

Vanquished Creatures
  A catoblepas (Lair:1)
  A two-headed ogre (D:10)
  A skyshark (Lair:2)
  5 elephants (Lair:1)
  3 ice statues (IceCv)
  A black mamba (Lair:1)
  3 cane toads
  3 rime drakes
  3 komodo dragons
  A queen bee (D:9)
  9 slime creatures (IceCv)
  A wraith (D:10)
  2 wyverns
  6 yaks
  Eustachio (D:5)
  A steam dragon (D:7)
  3 great orb of eyes simulacra (IceCv)
  6 water moccasins
  3 ice beasts
  5 orc warriors
  A sky beast (D:7)
  6 black bears
  2 centaurs
  5 wolves (Lair:1)
  2 ogres
  A slime creature simulacrum (IceCv)
  A phantom (D:6)
  A kobold brigand (D:6)
  2 brain worms (Sewer)
  3 scorpions
  9 bullfrogs
  3 glowing shapeshifter simulacra (IceCv)
  4 wights (D:6)
  33 killer bees
  5 howler monkeys
  2 bombardier beetles
  2 electric eels (D:10)
  A hound (D:4)
  A jelly (D:7)
  A sleepcap (D:7)
  2 gnoll boudas
  4 orc priests
  8 orc wizards
  Natasha (thrice) (D:2)
  9 iguanas
  2 shapeshifter simulacra (IceCv)
  9 gnolls
  2 river rats
  19 adders
  A shadow imp (D:6)
  3 white imps
  2 dart slugs
  4 ribbon worms
  38 orcs
  15 ball pythons
  8 endoplasms
  7 giant cockroaches
  8 goblins
  9 hobgoblins
  4 jackals (D:5)
  11 kobolds
  3 quokkas
  6 bats
  13 frilled lizards
  15 rats
349 creatures vanquished.

Vanquished Creatures (collateral kills)
  An unseen horror (D:10)
  A killer bee (D:9)
  A boulder (D:10)
3 creatures vanquished.

Vanquished Creatures (others)
  A water moccasin (Lair:1)
1 creature vanquished.

Grand Total: 353 creatures vanquished

Notes
Turn   | Place    | Note
-------+----------+-------------------------------------------
     0 | D:1      | shadizar the Djinni Earth Elementalist began the quest for
                  | the Orb.
     0 | D:1      | shadizar set off with the following spells memorised:
                  | Sandblast, Passwall, Stone Arrow, Petrify, Brom's
                  | Barrelling Boulder.
     0 | D:1      | Reached XP level 1. HP: 15/15 MP: 0/0
    58 | D:1      | Reached XP level 2. HP: 6/22 MP: 0/0
   479 | D:1      | Reached skill level 1 in Fighting
   479 | D:1      | Reached XP level 3. HP: 26/27 MP: 0/0
   479 | D:1      | Learned a level 1 spell: Sting
   885 | D:2      | Noticed Natasha
   892 | D:2      | Killed Natasha
   893 | D:2      | Reached XP level 4. HP: 19/32 MP: 0/0
   942 | D:2      | Noticed Natasha
   944 | D:2      | Killed Natasha
   969 | D:2      | Noticed Natasha
   972 | D:2      | Killed Natasha
   973 | D:2      | Reached XP level 5. HP: 36/38 MP: 0/0
   973 | D:2      | Learned a level 2 spell: Lesser Beckoning
  1468 | D:3      | Found Usir's Magic Scroll Boutique.
  1498 | D:3      | Found Siorerea's Assorted Antiques.
  1792 | D:3      | Found Erroj's Assorted Antiques.
  1861 | D:3      | Found a faded altar of an unknown god.
  2219 | D:3      | Found Til Rone's Antique Armour Boutique.
  2412 | D:3      | Reached XP level 6. HP: 39/45 MP: 0/0
  2485 | D:3      | Found Puckuluq's Distillery.
  3103 | D:4      | Found a snail-covered altar of Cheibriados.
  3561 | D:4      | Reached XP level 7. HP: 50/50 MP: 0/0
  3561 | D:4      | Learned a level 2 spell: Mercury Vapours
  3720 | D:4      | Reached skill level 5 in Spellcasting
  3720 | D:4      | Reached skill level 5 in Conjurations
  3720 | D:4      | Reached skill level 5 in Hexes
  3720 | D:4      | Reached skill level 5 in Summonings
  3720 | D:4      | Reached skill level 5 in Necromancy
  3720 | D:4      | Reached skill level 5 in Translocations
  3720 | D:4      | Reached skill level 5 in Fire Magic
  3720 | D:4      | Reached skill level 5 in Ice Magic
  3720 | D:4      | Reached skill level 5 in Air Magic
  3720 | D:4      | Reached skill level 5 in Earth Magic
  3720 | D:4      | Reached skill level 5 in Alchemy
  3769 | D:5      | Entered Level 5 of the Dungeon
  3939 | D:5      | Reached skill level 5 in Dodging
  3962 | D:5      | Reached XP level 8. HP: 58/58 MP: 0/0
  4007 | D:5      | Noticed Eustachio
  4012 | D:5      | Killed Eustachio
  4041 | D:5      | Found Ykhlaawn's Book Boutique.
  4365 | D:6      | Reached skill level 5 in Fighting
  4372 | D:6      | Found a glowing drain.
  4386 | Sewer    | Entered a sewer
  4473 | Sewer    | Reached XP level 9. HP: 63/65 MP: 0/0
  4473 | Sewer    | Learned a level 4 spell: Summon Blazeheart Golem
  4949 | D:6      | Found a staircase to the Ecumenical Temple.
  5655 | D:7      | Found an ornate altar of the Wu Jian Council.
  5769 | Temple   | Entered the Ecumenical Temple
  5780 | Temple   | Became a worshipper of Makhleb the Destroyer
  5935 | D:7      | Reached XP level 10. HP: 69/73 MP: 0/0
  6301 | D:7      | Found a blossoming altar of Fedhas.
  6668 | D:8      | Reached * piety under Makhleb
  6718 | D:8      | Reached skill level 1 in Armour
  6724 | D:8      | Found a broken altar of Ashenzari.
  7184 | D:8      | Found an opulent altar of Gozag.
  7267 | D:8      | You are sucked into a shaft and drop 2 floors!
  7267 | D:10     | Entered Level 10 of the Dungeon
  7356 | D:10     | Noticed a two-headed ogre
  7368 | D:10     | Killed a two-headed ogre
  7426 | D:10     | Reached ** piety under Makhleb
  7434 | D:10     | Reached XP level 11. HP: 27/81 MP: 0/0
  7434 | D:10     | Learned a level 5 spell: Silence
  7485 | D:9      | Found a stormy altar of Qazlal.
  7499 | D:9      | Noticed Maurice
  7535 | D:9      | Found a staircase to the Lair.
  7760 | D:9      | Found a glowing golden altar of the Shining One.
  7834 | D:9      | Something stole a +3 dagger of freezing
  7836 | D:9      | Something stole an amulet of reflection
  8204 | D:9      | Reached skill level 5 in Armour
  8204 | D:9      | Reached skill level 10 in Spellcasting
  8204 | D:9      | Reached skill level 10 in Conjurations
  8204 | D:9      | Reached skill level 10 in Hexes
  8204 | D:9      | Reached skill level 10 in Summonings
  8204 | D:9      | Reached skill level 10 in Necromancy
  8204 | D:9      | Reached skill level 10 in Translocations
  8204 | D:9      | Reached skill level 10 in Fire Magic
  8204 | D:9      | Reached skill level 10 in Ice Magic
  8204 | D:9      | Reached skill level 10 in Air Magic
  8204 | D:9      | Reached skill level 10 in Earth Magic
  8204 | D:9      | Reached skill level 10 in Alchemy
  8253 | D:9      | Reached *** piety under Makhleb
  8532 | Lair:1   | Entered Level 1 of the Lair of Beasts
  8533 | Lair:1   | Noticed an elephant
  8535 | Lair:1   | Noticed an elephant
  8537 | Lair:1   | Noticed an elephant
  8539 | Lair:1   | Noticed an elephant
  8544 | Lair:1   | Noticed an elephant
  8549 | Lair:1   | Killed an elephant
  8559 | Lair:1   | Killed an elephant
  8568 | Lair:1   | HP: 4/84 [elephant (6)]
  8571 | Lair:1   | HP: 1/84 [elephant (4)]
  8780 | Lair:1   | Killed an elephant
  8785 | Lair:1   | Killed an elephant
  8786 | Lair:1   | Reached XP level 12. HP: 80/90 MP: 0/0
  8793 | Lair:1   | Noticed a catoblepas
  9256 | Lair:1   | Killed a catoblepas
  9570 | Lair:2   | Noticed a skyshark
  9575 | Lair:2   | Killed a skyshark
  9576 | Lair:2   | Reached skill level 10 in Fighting
  9601 | Lair:2   | Identified the +0 scale mail of Yskao {*Slow rPois Str+5}
  9603 | Lair:2   | Found a frozen archway.
  9656 | IceCv    | Entered an ice cave
  9754 | IceCv    | Reached **** piety under Makhleb
 10245 | IceCv    | HP: 4/91 [ice statue] (13)]
 10327 | IceCv    | Engulfed by a cloud of freezing vapour

Illustrated notes

Levels and vault maps discovered:
D:1:      minmay_arrival_four_circles, layout_basic, minmay_rat_gold_closets
D:2:      layout_loops_ring, minmay_tetromino_i2, uniq_natasha
D:3:      layout_basic, vehumet_altar_wand_db, serial_shops, shop,
          nicolae_shop_stone, nicolae_shop_hallway_plus, nicolae_shop_peninsula,
          shop, shapermc_ecumenical_altar_flowoftime, minmay_snake_closets
D:4:      minmay_chambers_of_fours, layout_cave_pools, cheibriados_altar_1,
          serial_park, serial_park_square3 [serial_park_minivault_5x5_5],
          serial_park_tiny_pond, serial_park_square3
          [serial_park_minivault_5x5_6], serial_park_tiny_1, serial_park_square1
          [serial_park_minivault_5x5_3], nrook_uturn, grunt_decor_resistance
D:5:      layout_basic, serial_shops, nicolae_book_shop_shelving,
          minmay_misc_feat_roman, uniq_eustachio
D:6:      layout_loops_ring, minmay_temple_entry_overgrown,
          portal_sewer_entry_a, feat_on_display
D:7:      layout_gridville, kennysheep_mini, fedhas_altar_1,
          overflow_temple_1_default, minmay_checkerbox
D:8:      layout_loops_ring, ashenzari_altar_1,
          mainiacjoe_overflow_tiny_flanked, serial_glass, glass_columns_a,
          glass_columns_a, minmay_lizard_king
D:9:      layout_basic, grunt_qazlal_sundering, nicolae_tso_swordbearing_angel,
          due_lair_maze_entry_diamond, special_room [special_room_bee],
          uniq_maurice
D:10:     layout_basic, serial_bayou_pond_b
Temple:   compressed_dpeg_triangle_lava_temple
Lair:1:   layout_regular_city, chequers_serial_rivers_room_b
Lair:2:   layout_chaotic_city, portal_ice_cave_rime, nicolae_lair_grazing_beasts
          [nicolae_sub_lair_graze_edge, nicolae_sub_lair_graze_edge,
          nicolae_sub_lair_graze_edge, nicolae_sub_lair_graze_edge],
          grunt_megastairs_4, infiniplex_staircase_pool, uniq_urug
IceCv:    ice_cave_hellmonk_azure_passage

Skill      XL: |  1  2  3  4  5  6  7  8  9 10 11 12 |
---------------+-------------------------------------+-----
Fighting       | 1 2 3 5 6 7 9 10 | 10.1
Dodging        | 3 4 5 6 7 8 |  8.1
Spellcasting   | 4 5 6 7 9 10 12 | 12.4
Conjurations   | 4 5 6 7 9 10 12 | 12.4
Hexes          | 4 5 6 7 9 10 12 | 12.4
Summonings     | 4 5 6 7 9 10 12 | 12.4
Necromancy     | 4 5 6 7 9 10 12 | 12.4
Translocations | 4 5 6 7 9 10 12 | 12.4
Fire Magic     | 4 5 6 7 9 10 12 | 12.4
Ice Magic      | 4 5 6 7 9 10 12 | 12.4
Air Magic      | 4 5 6 7 9 10 12 | 12.4
Earth Magic    | 4 5 6 7 9 10 12 | 12.4
Alchemy        | 4 5 6 7 9 10 12 | 12.4
Armour         | 3 5 |  5.5
Stealth        | |  1.5

Action                     |  1- 3 |  4- 6 |  7- 9 | 10-12 || total
---------------------------+-------+-------+-------+-------++-------
  Melee: Unarmed           |     1 |     2 |       |       ||     3
         Staff             |       |       |    25 |    12 ||    37
   Cast: Sandblast         |    41 |   110 |   136 |    79 ||   366
         Stone Arrow       |       |       |    19 |   284 ||   303
         Petrify           |       |       |     1 |       ||     1
         Passwall          |       |       |       |     4 ||     4
         Summon Blazeheart |       |       |       |     5 ||     5
         Brom's Barrelling |       |       |       |     2 ||     2
         Silence           |       |       |       |     1 ||     1
    Use: Scroll            |       |       |    14 |     8 ||    22
         Potion            |       |       |     1 |     6 ||     7
 Armour: Robe              |     8 |    38 |   121 |    17 ||   184
         Leather armour    |       |       |     4 |   213 ||   217
  Dodge: Dodged            |     8 |    47 |    67 |   271 ||   393

Table legend: (Time is in decaauts)
 A = Elapsed time spent in this place.
 B = Non-inter-level travel time spent in this place.
 C = Inter-level travel time spent in this place.
 D = Time resting spent in this place.
 E = Time spent auto-exploring this place.
 F = Levels seen in this place.
 G = Mean time per level.
                   A        B        C        D        E       F      G
               +--------+--------+--------+--------+--------+-----+--------+
         Total |  10546 |  10102 |    444 |      0 |   6825 |  15 |  703.1 |
       Dungeon |   8545 |   8116 |    429 |      0 |   5941 |  10 |  854.5 |
        Temple |     24 |     22 |      2 |      0 |      0 |   1 |   24.0 |
          Lair |    972 |    960 |     12 |      0 |    433 |   2 |  486.0 |
         Sewer |    333 |    333 |      0 |      0 |    189 |   1 |  333.0 |
      Ice Cave |    670 |    670 |      0 |      0 |    262 |   1 |  670.0 |
               +--------+--------+--------+--------+--------+-----+--------+

Top non-repeatable levels by time:
     D:3: 1451 daAuts
     D:7: 1114 daAuts
     D:9: 980 daAuts
     D:4: 941 daAuts
     D:6: 911 daAuts
  Lair:1: 884 daAuts
     D:1: 875 daAuts
     D:8: 800 daAuts
   IceCv: 670 daAuts
     D:2: 634 daAuts
     D:5: 524 daAuts
   Sewer: 333 daAuts
    D:10: 312 daAuts
  Lair:2: 87 daAuts
  Temple: 24 daAuts
